General information
			
			
        
        - name: BNet
 
        - type: Ladder team game (AT/RT)
 
        - host: Battle.net
 
        - saver: Gobiner
 
        
map: Monsoon 
        - players: 6
 
        - length: 63:53
 
        - speed: Fast
 - version: 1.22 W3XP
 - replay type:  Public
 
» download(442 KB)
Players
        team 1 (winner) 
              
              
Gobiner (
green | 53 APM | 3412 actions | 63:53)
              
 7 Blademaster 
 3 Wind Walk
 3 Critical Strike
 1 Bladestorm
 
                » actions 
                
                | Assign group hotkey | 24 |  | 
| Basic commands | 11 |  | 
| Build / train | 114 |  | 
| ESC pressed | 8 |  | 
| Enter build submenu | 58 |  | 
| Enter hero's abilities submenu | 7 |  | 
| Give item / drop item | 10 |  | 
| Right click | 1721 |  | 
| Select / deselect | 376 |  | 
| Select group hotkey | 763 |  | 
| Use ability | 320 |  | 
                3412 total
 » units 
                » upgrades
                
                | Liquid Fire | 1 |  | 
| Ranged Weapons | 3 |  | 
| Armor | 3 |  | 
| Troll Regeneration | 1 |  | 
| Burning Oil | 1 |  | 
| Reinforced Defenses | 1 |  | 
| Spiked Barricades | 1 |  | 
                11 total
 » buildings
                
                | Altar of Storms | 2 |  | 
| Orc Burrow | 11 |  | 
| War Mill | 2 |  | 
| Watch Tower | 45 |  | 
| Voodoo Lounge | 4 |  | 
| Stronghold | 3 |  | 
| Fortress | 1 |  | 
| Great Hall | 1 |  | 
| Beastiary | 4 |  | 
| Barracks | 2 |  | 
                75 total
 » build order
                00:07 Altar of Storms
00:14 Orc Burrow
00:30 War Mill
01:43 Watch Tower
01:53 Orc Burrow
02:24 Watch Tower
02:59 Watch Tower
03:12 Voodoo Lounge
04:05 Watch Tower
04:06 Watch Tower
04:33 Watch Tower
04:42 Stronghold
04:43 Stronghold
04:54 Watch Tower
05:05 Watch Tower
05:19 Watch Tower
05:30 Watch Tower
05:43 Watch Tower
06:06 Watch Tower
07:16 Fortress
07:43 Great Hall
07:54 Watch Tower
08:13 Beastiary
08:21 Beastiary
08:25 Orc Burrow
08:28 Orc Burrow
08:44 Voodoo Lounge
09:22 Watch Tower
10:00 Voodoo Lounge
11:08 Watch Tower
11:24 Watch Tower
11:24 Watch Tower
11:25 Watch Tower
11:26 Watch Tower
12:06 Voodoo Lounge
12:39 Watch Tower
13:19 Watch Tower
14:32 Watch Tower
14:49 Barracks
15:07 Watch Tower
15:53 Watch Tower
17:12 Watch Tower
17:14 Watch Tower
17:45 Watch Tower
17:46 Watch Tower
17:46 Watch Tower
17:47 Watch Tower
17:47 Watch Tower
17:48 Watch Tower
17:49 Watch Tower
19:04 Watch Tower
19:06 Watch Tower
19:07 Watch Tower
19:09 Watch Tower
19:39 Watch Tower
19:39 Watch Tower
19:40 Watch Tower
19:40 Watch Tower
19:55 Watch Tower
19:55 Watch Tower
22:03 Watch Tower
22:05 Watch Tower
25:51 Beastiary
26:02 Barracks
26:05 Orc Burrow
26:06 Orc Burrow
26:07 Orc Burrow
26:10 Orc Burrow
26:15 Altar of Storms
26:23 War Mill
27:32 Beastiary
32:05 Orc Burrow
32:06 Orc Burrow
32:11 Orc Burrow
» items
                
                | Boots of Speed | 1 |  | 
| Lesser Clarity Potion | 7 |  | 
| Healing Salve | 2 |  | 
| Dust of Appearance | 2 |  | 
| Staff of Teleportation | 1 |  | 
| Orb of Lightning | 1 |  | 
| Scroll of Town Portal | 1 |  | 
| Potion of Lesser Invulnerability | 6 |  | 
                21 total
  
               
              
              
kunt.roII (
teal | 104 APM | 6621 actions | 63:52)
              
 5 Archmage 
 3 Blizzard
 2 Brilliance Aura
 5 Blood Mage 
 3 Flame Strike
 1 Siphon Mana
 1 Banish
 5 Naga Sea Witch 
 2 Frost Arrows
 3 Forked Lightning
 1 Paladin 
 1 Holy Light
 
                » actions 
                
                | Assign group hotkey | 49 |  | 
| Basic commands | 81 |  | 
| Build / train | 154 |  | 
| ESC pressed | 5 |  | 
| Enter build submenu | 86 |  | 
| Enter hero's abilities submenu | 17 |  | 
| Give item / drop item | 17 |  | 
| Remove unit from queue | 1 |  | 
| Right click | 2510 |  | 
| Select / deselect | 563 |  | 
| Select group hotkey | 2596 |  | 
| Use ability | 539 |  | 
                6621 total
 » units 
                
                | Peasant | 26 |  | 
| Priest | 4 |  | 
| Sorceress | 2 |  | 
                32 total
 » upgrades
                
                | Lumber Harvesting | 2 |  | 
| Masonry | 3 |  | 
| Magic Sentry | 1 |  | 
| Sorceress Training | 3 |  | 
| Priest Training | 2 |  | 
                11 total
 » buildings
                
                | Altar of Kings | 1 |  | 
| Farm | 8 |  | 
| Lumber Mill | 1 |  | 
| Scout Tower | 89 |  | 
| Arcane Tower | 10 |  | 
| Guard Tower | 38 |  | 
| Keep | 1 |  | 
| Town Hall | 2 |  | 
| Arcane Sanctum | 1 |  | 
| Castle | 1 |  | 
| Arcane Vault | 1 |  | 
| Gryphon Aviary | 3 |  | 
                156 total
 » build order
                00:17 Altar of Kings
00:26 Farm
00:31 Lumber Mill
00:38 Farm
00:39 Farm
01:00 Farm
01:30 Scout Tower
01:46 Scout Tower
01:55 Arcane Tower
01:56 Arcane Tower
01:58 Scout Tower
02:29 Scout Tower
02:30 Scout Tower
02:34 Guard Tower
02:36 Scout Tower
02:57 Scout Tower
02:58 Scout Tower
03:23 Keep
03:38 Guard Tower
03:46 Scout Tower
04:02 Guard Tower
04:32 Arcane Tower
05:48 Town Hall
06:22 Arcane Sanctum
07:40 Castle
08:26 Farm
08:26 Farm
08:30 Farm
08:31 Farm
08:38 Scout Tower
08:39 Scout Tower
09:22 Arcane Tower
10:19 Scout Tower
10:20 Scout Tower
10:20 Scout Tower
10:21 Scout Tower
11:01 Arcane Vault
11:03 Scout Tower
11:03 Scout Tower
11:04 Scout Tower
11:07 Scout Tower
11:07 Scout Tower
11:08 Scout Tower
11:08 Scout Tower
11:10 Guard Tower
12:02 Guard Tower
12:02 Guard Tower
12:03 Scout Tower
12:04 Scout Tower
13:12 Guard Tower
13:40 Arcane Tower
13:42 Arcane Tower
13:44 Scout Tower
13:45 Scout Tower
13:46 Scout Tower
13:49 Scout Tower
14:56 Guard Tower
14:57 Guard Tower
16:16 Scout Tower
16:17 Scout Tower
16:18 Scout Tower
16:20 Scout Tower
16:21 Scout Tower
16:21 Scout Tower
17:13 Scout Tower
17:15 Scout Tower
17:18 Scout Tower
17:19 Scout Tower
17:25 Arcane Tower
17:28 Arcane Tower
17:30 Guard Tower
19:12 Arcane Tower
19:15 Guard Tower
19:21 Scout Tower
20:10 Scout Tower
20:12 Scout Tower
20:13 Scout Tower
20:13 Scout Tower
20:14 Scout Tower
22:47 Guard Tower
22:52 Arcane Tower
22:54 Scout Tower
22:55 Scout Tower
22:56 Scout Tower
22:56 Scout Tower
23:10 Scout Tower
23:14 Scout Tower
23:15 Scout Tower
23:16 Scout Tower
23:17 Scout Tower
23:18 Scout Tower
23:19 Scout Tower
25:42 Guard Tower
25:42 Guard Tower
25:45 Scout Tower
25:45 Scout Tower
25:49 Scout Tower
25:50 Scout Tower
25:51 Scout Tower
25:54 Scout Tower
26:22 Guard Tower
26:22 Guard Tower
26:41 Scout Tower
26:49 Guard Tower
26:51 Scout Tower
26:52 Scout Tower
26:52 Scout Tower
26:53 Scout Tower
26:54 Scout Tower
26:55 Scout Tower
27:02 Scout Tower
27:03 Scout Tower
27:04 Scout Tower
27:04 Scout Tower
27:53 Guard Tower
27:53 Guard Tower
27:55 Guard Tower
28:01 Scout Tower
28:07 Guard Tower
28:07 Guard Tower
28:33 Guard Tower
28:34 Scout Tower
28:35 Scout Tower
28:50 Gryphon Aviary
28:58 Gryphon Aviary
29:01 Gryphon Aviary
29:51 Guard Tower
29:54 Scout Tower
29:55 Scout Tower
31:33 Guard Tower
31:38 Scout Tower
31:39 Scout Tower
31:39 Scout Tower
31:40 Scout Tower
31:40 Scout Tower
31:40 Scout Tower
31:50 Scout Tower
31:51 Scout Tower
31:51 Scout Tower
31:52 Scout Tower
32:51 Guard Tower
32:52 Guard Tower
33:22 Guard Tower
33:23 Guard Tower
33:23 Guard Tower
34:21 Scout Tower
34:22 Scout Tower
37:18 Guard Tower
38:06 Town Hall
» items
                
                | Staff of Teleportation | 3 |  | 
| Boots of Speed | 3 |  | 
| Healing Salve | 4 |  | 
| Lesser Clarity Potion | 5 |  | 
| Dust of Appearance | 1 |  | 
| Scroll of Speed | 2 |  | 
| Circlet of Nobility | 6 |  | 
| Scroll of Town Portal | 3 |  | 
| Orb of Lightning | 6 |  | 
| Staff of Sanctuary | 3 |  | 
| Potion of Mana | 2 |  | 
| Potion of Healing | 1 |  | 
                39 total
  
               
              
              
MrFrosty (
purple | 92 APM | 5868 actions | 63:52)
              
 8 Mountain King 
 3 Storm Bolt
 3 Bash
 1 Avatar
 1 Thunder Clap
 5 Paladin 
 2 Holy Light
 3 Divine Shield
 
                » actions 
                
                | Assign group hotkey | 26 |  | 
| Basic commands | 111 |  | 
| Build / train | 127 |  | 
| ESC pressed | 1 |  | 
| Enter build submenu | 50 |  | 
| Enter hero's abilities submenu | 14 |  | 
| Give item / drop item | 12 |  | 
| Right click | 3393 |  | 
| Select / deselect | 813 |  | 
| Select group hotkey | 923 |  | 
| Use ability | 394 |  | 
                5868 total
 » units 
                
                | Peasant | 25 |  | 
| Priest | 5 |  | 
| Sorceress | 4 |  | 
| Dragonhawk Rider | 7 |  | 
                41 total
 » upgrades
                
                | Masonry | 3 |  | 
| Lumber Harvesting | 2 |  | 
| Magic Sentry | 1 |  | 
| Sorceress Training | 2 |  | 
| Priest Training | 2 |  | 
| Backpack | 1 |  | 
| Cloud | 1 |  | 
| Armor | 3 |  | 
| Swords | 1 |  | 
                16 total
 » buildings
                
                | Altar of Kings | 1 |  | 
| Farm | 5 |  | 
| Scout Tower | 54 |  | 
| Lumber Mill | 1 |  | 
| Arcane Tower | 11 |  | 
| Guard Tower | 16 |  | 
| Arcane Vault | 2 |  | 
| Keep | 1 |  | 
| Town Hall | 1 |  | 
| Arcane Sanctum | 1 |  | 
| Castle | 1 |  | 
| Gryphon Aviary | 1 |  | 
| Barracks | 1 |  | 
| Blacksmith | 1 |  | 
                97 total
 » build order
                00:40 Altar of Kings
00:58 Farm
01:10 Scout Tower
01:38 Lumber Mill
01:40 Arcane Tower
02:00 Farm
02:18 Scout Tower
02:48 Guard Tower
02:58 Scout Tower
03:25 Scout Tower
03:31 Guard Tower
03:57 Arcane Tower
04:46 Scout Tower
04:47 Scout Tower
04:55 Arcane Vault
05:22 Guard Tower
05:51 Arcane Tower
05:54 Scout Tower
05:55 Scout Tower
06:18 Keep
06:32 Arcane Tower
06:36 Farm
07:02 Guard Tower
07:25 Town Hall
07:47 Arcane Vault
08:21 Scout Tower
08:30 Farm
09:18 Guard Tower
10:04 Arcane Sanctum
10:43 Scout Tower
10:44 Scout Tower
10:55 Castle
11:04 Scout Tower
11:04 Scout Tower
11:06 Scout Tower
11:07 Scout Tower
11:16 Guard Tower
12:34 Guard Tower
13:43 Scout Tower
13:44 Scout Tower
13:46 Scout Tower
13:47 Scout Tower
13:49 Scout Tower
14:43 Arcane Tower
14:44 Guard Tower
16:04 Scout Tower
16:07 Scout Tower
16:37 Guard Tower
19:21 Farm
20:26 Scout Tower
20:27 Scout Tower
20:32 Scout Tower
20:46 Scout Tower
23:05 Arcane Tower
23:14 Scout Tower
23:15 Scout Tower
23:16 Scout Tower
25:09 Guard Tower
25:32 Arcane Tower
25:34 Scout Tower
25:35 Scout Tower
25:36 Scout Tower
26:23 Arcane Tower
26:24 Guard Tower
28:02 Gryphon Aviary
28:03 Barracks
28:04 Blacksmith
28:31 Scout Tower
28:31 Scout Tower
29:04 Guard Tower
29:08 Scout Tower
29:08 Scout Tower
29:09 Scout Tower
29:10 Scout Tower
29:10 Scout Tower
29:11 Scout Tower
33:06 Arcane Tower
33:08 Guard Tower
33:17 Scout Tower
33:18 Scout Tower
33:19 Scout Tower
33:21 Scout Tower
33:26 Scout Tower
33:26 Scout Tower
33:28 Scout Tower
33:32 Scout Tower
33:33 Scout Tower
33:33 Scout Tower
34:06 Arcane Tower
34:09 Arcane Tower
34:10 Guard Tower
36:57 Guard Tower
39:56 Scout Tower
39:58 Scout Tower
39:58 Scout Tower
40:00 Scout Tower
46:44 Guard Tower
» items
                
                | Boots of Speed | 2 |  | 
| Staff of Teleportation | 2 |  | 
| Lesser Clarity Potion | 9 |  | 
| Healing Salve | 3 |  | 
| Potion of Mana | 1 |  | 
| Orb of Lightning | 2 |  | 
| Staff of Sanctuary | 2 |  | 
| Scroll of Town Portal | 3 |  | 
| Potion of Healing | 1 |  | 
                25 total
  
               team 2 (loser) 
              
              
» 
hardCOR (
pink | 96 APM | 5654 actions | 58:53)
              
 5 Blademaster 
 2 Wind Walk
 3 Critical Strike
 5 Shadow Hunter 
 2 Hex
 3 Healing Wave
 3 Tauren Chieftain 
 2 War Stomp
 1 Endurance Aura
 
                » actions 
                
                | Assign group hotkey | 51 |  | 
| Basic commands | 296 |  | 
| Build / train | 139 |  | 
| ESC pressed | 3 |  | 
| Enter build submenu | 97 |  | 
| Enter hero's abilities submenu | 13 |  | 
| Give item / drop item | 9 |  | 
| Right click | 2502 |  | 
| Select / deselect | 863 |  | 
| Select group hotkey | 1325 |  | 
| Use ability | 356 |  | 
                5654 total
 » units 
                
                | Peon | 46 |  | 
| Grunt | 7 |  | 
| Shaman | 7 |  | 
| Troll Witch Doctor | 13 |  | 
| Spirit Walker | 5 |  | 
| Demolisher | 1 |  | 
                79 total
 » upgrades
                
                | Witch Doctor Training | 2 |  | 
| Shaman Training | 2 |  | 
| Spirit Walker Training | 1 |  | 
| Reinforced Defenses | 1 |  | 
| Burning Oil | 1 |  | 
| Ranged Weapons | 1 |  | 
| Armor | 1 |  | 
| Envenomed Spears | 1 |  | 
                10 total
 » buildings
                
                | Altar of Storms | 1 |  | 
| Orc Burrow | 8 |  | 
| Barracks | 1 |  | 
| Stronghold | 1 |  | 
| Voodoo Lounge | 1 |  | 
| Fortress | 1 |  | 
| Spirit Lodge | 2 |  | 
| War Mill | 1 |  | 
| Watch Tower | 79 |  | 
| Beastiary | 3 |  | 
| Great Hall | 2 |  | 
                100 total
 » build order
                00:07 Altar of Storms
00:13 Orc Burrow
00:36 Barracks
01:25 Orc Burrow
02:37 Stronghold
03:25 Voodoo Lounge
04:39 Orc Burrow
05:03 Fortress
05:19 Spirit Lodge
06:12 Spirit Lodge
10:22 Orc Burrow
10:55 Orc Burrow
11:45 War Mill
12:51 Orc Burrow
13:29 Orc Burrow
17:41 Watch Tower
17:42 Watch Tower
17:44 Watch Tower
17:54 Watch Tower
18:00 Watch Tower
18:58 Watch Tower
19:02 Watch Tower
19:09 Watch Tower
19:10 Watch Tower
20:07 Watch Tower
20:15 Watch Tower
20:19 Watch Tower
20:23 Watch Tower
20:27 Watch Tower
20:36 Watch Tower
20:39 Watch Tower
20:40 Watch Tower
21:58 Orc Burrow
22:04 Watch Tower
22:04 Watch Tower
26:35 Watch Tower
26:36 Watch Tower
26:42 Watch Tower
27:46 Beastiary
27:47 Beastiary
27:51 Beastiary
31:13 Watch Tower
31:15 Watch Tower
35:15 Watch Tower
35:16 Watch Tower
35:16 Watch Tower
35:45 Watch Tower
35:47 Watch Tower
35:49 Watch Tower
35:49 Watch Tower
35:51 Watch Tower
35:51 Watch Tower
35:52 Watch Tower
35:53 Watch Tower
37:24 Watch Tower
37:59 Watch Tower
38:23 Watch Tower
38:24 Watch Tower
39:31 Watch Tower
39:33 Watch Tower
42:42 Watch Tower
42:43 Watch Tower
42:44 Watch Tower
42:49 Watch Tower
43:36 Watch Tower
43:52 Watch Tower
43:57 Watch Tower
43:59 Watch Tower
45:53 Great Hall
47:18 Watch Tower
47:21 Watch Tower
47:22 Watch Tower
47:23 Watch Tower
47:23 Watch Tower
47:23 Watch Tower
47:25 Watch Tower
47:26 Watch Tower
47:27 Watch Tower
47:28 Watch Tower
47:28 Watch Tower
47:29 Watch Tower
48:00 Watch Tower
48:01 Watch Tower
48:04 Watch Tower
48:18 Watch Tower
48:19 Watch Tower
48:19 Watch Tower
48:21 Watch Tower
48:22 Watch Tower
48:24 Watch Tower
48:34 Great Hall
50:00 Watch Tower
50:00 Watch Tower
50:01 Watch Tower
50:02 Watch Tower
50:03 Watch Tower
51:42 Watch Tower
51:42 Watch Tower
51:43 Watch Tower
51:44 Watch Tower
» items
                
                | Circlet of Nobility | 1 |  | 
| Boots of Speed | 1 |  | 
| Healing Salve | 3 |  | 
| Lesser Clarity Potion | 3 |  | 
| Orb of Lightning | 1 |  | 
| Scroll of Speed | 3 |  | 
| Tiny Great Hall | 3 |  | 
| Potion of Healing | 2 |  | 
| Scroll of Healing | 7 |  | 
| Scroll of Protection | 2 |  | 
| Potion of Lesser Invulnerability | 3 |  | 
| Scroll of Town Portal | 2 |  | 
| Staff of Teleportation | 1 |  | 
                32 total
  
               
              
              
LoyalKnight (
orange | 56 APM | 3586 actions | 63:44)
              
 5 Blademaster 
 2 Wind Walk
 3 Critical Strike
 2 Shadow Hunter 
 1 Hex
 1 Healing Wave
 2 Tauren Chieftain 
 1 War Stomp
 1 Endurance Aura
 
                » actions 
                
                | Assign group hotkey | 20 |  | 
| Basic commands | 43 |  | 
| Build / train | 101 |  | 
| ESC pressed | 1 |  | 
| Enter build submenu | 28 |  | 
| Enter hero's abilities submenu | 9 |  | 
| Give item / drop item | 3 |  | 
| Remove unit from queue | 7 |  | 
| Right click | 2430 |  | 
| Select / deselect | 762 |  | 
| Select group hotkey | 41 |  | 
| Use ability | 141 |  | 
                3586 total
 » units 
                
                | Peon | 25 |  | 
| Grunt | 4 |  | 
| Demolisher | 6 |  | 
| Wind Rider | 10 |  | 
| Raider | 8 |  | 
| Troll Batrider | 10 |  | 
                63 total
 » upgrades
                
                | Ensnare | 1 |  | 
| Ranged Weapons | 3 |  | 
| Burning Oil | 1 |  | 
| Armor | 2 |  | 
| Liquid Fire | 1 |  | 
                8 total
 » buildings
                
                | Altar of Storms | 1 |  | 
| Orc Burrow | 9 |  | 
| Barracks | 2 |  | 
| Voodoo Lounge | 1 |  | 
| Stronghold | 1 |  | 
| War Mill | 1 |  | 
| Beastiary | 2 |  | 
| Great Hall | 1 |  | 
| Fortress | 1 |  | 
| Watch Tower | 7 |  | 
                26 total
 » build order
                00:04 Altar of Storms
00:14 Orc Burrow
00:35 Barracks
01:25 Orc Burrow
02:13 Voodoo Lounge
03:28 Stronghold
04:38 War Mill
04:51 Orc Burrow
05:14 Barracks
06:02 Beastiary
06:41 Orc Burrow
09:21 Great Hall
09:41 Orc Burrow
09:42 Fortress
10:58 Beastiary
13:30 Orc Burrow
15:37 Watch Tower
15:38 Watch Tower
16:12 Watch Tower
28:17 Orc Burrow
28:19 Orc Burrow
37:25 Watch Tower
37:26 Watch Tower
37:28 Watch Tower
37:29 Watch Tower
61:09 Orc Burrow
» items
                
                | Lesser Clarity Potion | 1 |  | 
| Healing Salve | 1 |  | 
| Scroll of Speed | 1 |  | 
| Scroll of Town Portal | 2 |  | 
| Staff of Teleportation | 1 |  | 
| Boots of Speed | 1 |  | 
| Orb of Lightning | 1 |  | 
                8 total
  
               
              
              
Zer0Percent (
yellow | 57 APM | 3632 actions | 63:51)
              
 6 Death Knight 
 3 Death Coil
 2 Unholy Aura
 1 Animate Dead
 4 Lich 
 2 Frost Nova
 2 Frost Armor
 1 Pit Lord 
 1 Rain of Fire
 
                » actions 
                
                | Assign group hotkey | 45 |  | 
| Basic commands | 235 |  | 
| Build / train | 150 |  | 
| ESC pressed | 7 |  | 
| Enter build submenu | 56 |  | 
| Enter hero's abilities submenu | 11 |  | 
| Give item / drop item | 3 |  | 
| Remove unit from queue | 1 |  | 
| Right click | 1469 |  | 
| Select / deselect | 513 |  | 
| Select group hotkey | 952 |  | 
| Use ability | 190 |  | 
                3632 total
 » units 
                
                | Acolyte | 47 |  | 
| Ghoul | 13 |  | 
| Crypt Fiend | 13 |  | 
| Ogre Magi | 2 |  | 
| Mud Golem | 2 |  | 
| Gnoll Warden | 1 |  | 
| Frost Wyrm | 14 |  | 
                92 total
 » upgrades
                
                | Creature Attack | 3 |  | 
| Web | 1 |  | 
| Creature Carapace | 3 |  | 
| Freezing Breath | 1 |  | 
| Unholy Strength | 1 |  | 
                9 total
 » buildings
                
                | Graveyard | 1 |  | 
| Crypt | 1 |  | 
| Ziggurat | 25 |  | 
| Altar of Darkness | 1 |  | 
| Tomb of Relics | 1 |  | 
| Nerubian Tower | 3 |  | 
| Halls of the Dead | 3 |  | 
| Black Citadel | 1 |  | 
| Sacrificial Pit | 1 |  | 
| Boneyard | 2 |  | 
| Necropolis | 3 |  | 
| Spirit Tower | 7 |  | 
                49 total
 » build order
                00:26 Graveyard
00:32 Crypt
00:40 Ziggurat
00:52 Altar of Darkness
01:23 Tomb of Relics
01:49 Ziggurat
03:26 Nerubian Tower
04:40 Halls of the Dead
05:33 Ziggurat
08:00 Ziggurat
09:03 Ziggurat
09:04 Ziggurat
09:08 Black Citadel
10:04 Sacrificial Pit
11:59 Boneyard
12:07 Boneyard
12:49 Ziggurat
12:52 Ziggurat
12:58 Ziggurat
16:39 Ziggurat
16:42 Ziggurat
16:52 Necropolis
17:30 Ziggurat
17:33 Ziggurat
17:35 Ziggurat
17:36 Ziggurat
17:39 Ziggurat
17:53 Spirit Tower
17:55 Spirit Tower
17:57 Spirit Tower
17:58 Spirit Tower
18:02 Nerubian Tower
19:39 Spirit Tower
20:26 Halls of the Dead
29:12 Ziggurat
29:13 Ziggurat
29:14 Ziggurat
29:15 Ziggurat
31:22 Spirit Tower
36:08 Necropolis
40:58 Ziggurat
40:59 Ziggurat
41:01 Ziggurat
41:05 Ziggurat
41:09 Necropolis
42:35 Spirit Tower
42:53 Halls of the Dead
43:01 Ziggurat
44:12 Nerubian Tower
» items
                
                | Rod of Necromancy | 1 |  | 
| Dust of Appearance | 3 |  | 
| Healing Salve | 1 |  | 
| Potion of Healing | 4 |  | 
| Scroll of Healing | 1 |  | 
| Scroll of Town Portal | 4 |  | 
| Orb of Corruption | 2 |  | 
| Potion of Mana | 2 |  | 
                18 total
  
                Chat log
          (00:08 / All) kunt.roII: brb
(00:09 / All) kunt.roII: sorry
(00:17 / All) kunt.roII: wtf
(00:21 / All) hardCOR: THIS AINT A DEMOCRACY
(00:23 / All) Gobiner: please stop hacking
(00:43 / Allies) MrFrosty: i wont be doing that again!
(00:54 / Allies) MrFrosty: watchinga  replay
(01:04 / Allies) MrFrosty: it did but to black
(01:21 / Allies) MrFrosty: it was just straight black when i went back into the right one
(02:05 / All) kunt.roII: gl hf
(02:11 / All) kunt.roII: ill excuse ur bad manner for now
(02:14 / Allies) MrFrosty: noob.
(02:27 / All) hardCOR: ^____^
(02:29 / All) LoyalKnight: FUCK YOU
(05:44 / Allies) MrFrosty: and my voice is fucked
(07:09 / All) kunt.roII: LOL
(07:14 / All) kunt.roII: you guuys are so obvious
(07:29 / All) kunt.roII: and bad
(07:30 / All) Gobiner: nice work
(07:34 / All) hardCOR: YEAH YOURE LUCKY GRATS
(07:40 / All) Gobiner: lucky you're a noob
(08:36 / Allies) MrFrosty: ty
(09:00 / Allies) MrFrosty: \im 3
(10:10 / All) kunt.roII: KLOL
(10:25 / All) Zer0Percent: TEEHEE
(10:40 / Allies) MrFrosty: k
(12:10 / Allies) MrFrosty: pass
(12:26 / Allies) MrFrosty: ty
(12:50 / Allies) MrFrosty: get out imo
(12:59 / Allies) MrFrosty: ugh
(13:20 / All) hardCOR: this mh really paying off
(13:26 / All) kunt.roII: LOL
(13:50 / All) Zer0Percent: HI
(15:47 / All) MrFrosty: nice
(15:51 / All) LoyalKnight: shut up lcuky idiot
(15:57 / All) MrFrosty: lucky you're a noob
(16:27 / Allies) MrFrosty: tt
(19:41 / Allies) MrFrosty: lol
(19:55 / Allies) MrFrosty: bm runs right beside and then puts down a ward
(20:07 / Allies) MrFrosty: its a good thing they are so bad
(20:39 / Allies) MrFrosty: tt
(21:36 / Allies) MrFrosty: lolll
(22:26 / All) Zer0Percent: WOW HACKER
(22:38 / All) MrFrosty: lmao
(22:43 / All) hardCOR: fun game
(22:44 / All) hardCOR: retards
(22:56 / All) MrFrosty: I would figure getting stomped wouldnt be fun
(23:05 / All) kunt.roII: i wouldnt know tho...
(23:11 / All) MrFrosty: glad to see you arent a sore loser
(23:23 / All) kunt.roII: nice dust there btw
(23:25 / All) kunt.roII: lmao
(25:23 / Allies) MrFrosty: tt
(25:44 / All) hardCOR: sucks getting stomped
(25:47 / All) kunt.roII: LOL
(25:48 / All) MrFrosty: lmao
(26:40 / Allies) MrFrosty: lol no fire
(26:44 / All) Gobiner: nice bats
(26:52 / All) hardCOR: NICE LOSS
(27:11 / Allies) MrFrosty: wlep
(27:11 / All) Zer0Percent: NOOB
(27:14 / All) kunt.roII: LOL
(27:31 / All) Zer0Percent: PRP WANNA GET RAPE TOO
(28:10 / All) hardCOR: can you tiehack and get this over with
(28:13 / All) kunt.roII: LOL
(28:15 / All) MrFrosty: lmao
(28:17 / All) kunt.roII: sorry i dont use hacks
(28:20 / All) kunt.roII: ur gonna have to do that
(28:33 / All) hardCOR: people use tiehack when they are going to lose
(28:39 / All) kunt.roII: (you're going to lose)
(28:40 / All) MrFrosty: guess we wont use it then
(28:51 / All) hardCOR: guess you'll lose then
(30:02 / Allies) MrFrosty: 6 mk
(30:09 / Allies) MrFrosty: in these 2 kills
(30:56 / All) kunt.roII: nice attack
(31:44 / All) MrFrosty: thanks
(33:47 / All) Zer0Percent: WHATS IT LIKE TO HAVE NO LIFE
(33:50 / All) Zer0Percent: WHAT DID U FAGS EXPECT DOING THIS
(33:54 / All) MrFrosty: whats it like to hack and lose?
(33:56 / All) Zer0Percent: GAY NOOBS
(33:57 / All) MrFrosty: scrub
(34:13 / All) Gobiner: we kinda expected to play good players
(35:21 / Allies) MrFrosty: ownage
(35:53 / Allies) MrFrosty: welp
(36:33 / Allies) MrFrosty: lol
(36:36 / All) MrFrosty: lmao
(36:44 / All) kunt.roII: hey yellow
(36:49 / All) kunt.roII: ill trade u an orc orb for an ud orb
(36:50 / All) MrFrosty: run away from any threat
(37:35 / All) MrFrosty: ps. i have 15.8k
(38:22 / Allies) MrFrosty: cumming
(39:24 / All) Gobiner: peace
(39:26 / All) Gobiner: im out
(39:30 / All) LoyalKnight: LATER
(39:33 / All) kunt.roII: gg
(39:57 / All) LoyalKnight: i have no life ill sith ere all day
(40:10 / All) MrFrosty: you have no skill unfortuantely so you will lose
(40:15 / All) LoyalKnight: 10X URS
(41:15 / Allies) MrFrosty: yeah i can fight its alrite
(41:56 / Allies) MrFrosty: tt
(41:57 / Allies) MrFrosty: ohwell
(42:05 / Allies) MrFrosty: yeah
(42:15 / Allies) MrFrosty: im fine
(42:48 / Allies) MrFrosty: im 7/5 anyway we arent going to lose or anything
(43:36 / Allies) MrFrosty: yah
(43:43 / Allies) MrFrosty: no one really knows that though
(43:50 / Allies) MrFrosty: pros dont do that shit
(44:05 / Allies) MrFrosty: they would if they could immobalise invulnv heroes
(44:20 / Allies) MrFrosty: lol
(45:31 / Allies) MrFrosty: i didnt notice
(45:47 / Allies) MrFrosty: lmao
(45:50 / Allies) MrFrosty: another halls
(46:00 / Allies) MrFrosty: a shade
(46:27 / Allies) MrFrosty: fuck
(46:29 / Allies) kunt.roII: lol
(46:32 / Allies) MrFrosty: hex out of nowhere
(46:38 / Allies) MrFrosty: so
(46:40 / Allies) MrFrosty: gay
(48:00 / Allies) MrFrosty: haha
(48:33 / Allies) MrFrosty: least they all must be mining in low or high
(48:37 / All) Gobiner: usually when I mine a low gold mine, I like to spend less to defend it than I get out of it
(48:44 / All) Gobiner: but w/e
(48:51 / All) hardCOR: usually when i play a game i like to finish in less than 2 hours
(48:53 / All) hardCOR: fucking fag
(48:55 / All) Gobiner: so leaver
(48:58 / All) Zer0Percent: rofl
(48:59 / All) MrFrosty: feel free to quit
(49:05 / All) Zer0Percent: usually the people we play know how to get units
(49:11 / All) kunt.roII: ahem
(49:13 / All) kunt.roII: we all have units
(49:16 / All) MrFrosty: usually the people we play know how to micro
(49:17 / All) Gobiner: usually the people we play know how to kill towers
(49:25 / All) Zer0Percent: i think my baby cousin even managned to built a footmen by himself
(49:27 / All) LoyalKnight: we dont have human fag
(49:32 / All) MrFrosty: lmao
(49:34 / All) Gobiner: don't have human, can't win
(49:35 / All) Gobiner: gg
(49:42 / All) MrFrosty: im sure you are sub human in real life
(49:44 / All) Zer0Percent: DONT HAVE UD CANT WIN
(49:45 / All) kunt.roII: replace skills with human
(49:49 / All) kunt.roII: and u might have a correct statement
(50:19 / Allies) MrFrosty: prob.
(53:30 / Allies) MrFrosty: a fiend
(53:36 / Allies) MrFrosty: bolt light dead
(54:02 / Allies) MrFrosty: tttttt
(54:39 / Allies) MrFrosty: he never got that pitlord back which is funny
(54:50 / Allies) MrFrosty: he bought it i killed a few times
(54:54 / All) Gobiner: where's your pitlord
(55:00 / All) Zer0Percent: DIDNT MAKE IT
(55:05 / All) kunt.roII: thats a shame
(55:06 / All) Gobiner: tired of feeding
(55:08 / All) Gobiner: I guess
(55:12 / All) MrFrosty: you even tavern ressed it
(55:17 / All) Gobiner: a broken-hearted pitlord is no pitlord at all
(55:36 / All) MrFrosty: you shouldnt get a pitlord unless you're sure you want a pitlord
(55:58 / Allies) MrFrosty: lol
(56:57 / Allies) MrFrosty: tt
(57:12 / Allies) MrFrosty: i got pinks bm
(57:23 / All) Gobiner: how many expos do you need to win?
(57:28 / All) Gobiner: apparently 7 isn't enough
(57:30 / All) MrFrosty: thanks
(57:30 / All) LoyalKnight: shut up fag
(57:32 / All) hardCOR: HOW MANY TOWERS
(57:33 / All) hardCOR: RETARD
(57:36 / All) Zer0Percent: ROFL
(57:38 / All) MrFrosty: as many as it takes
(57:43 / All) Gobiner: well, what we have now is enough to win
(57:44 / All) kunt.roII: we really dont have enough
(57:49 / All) kunt.roII: this map is kinda bad for towers
(57:51 / All) MrFrosty: q: how much micro do you need to win? a: more than you have
(58:04 / Allies) MrFrosty: shade
(58:05 / All) hardCOR: fucking hilarious
(58:06 / Allies) MrFrosty: cum kunt
(58:09 / All) hardCOR: really youre so shit
(58:18 / Allies) MrFrosty: tt
(58:24 / Allies) MrFrosty: lol
(58:36 / All) MrFrosty: thanks
(58:41 / Allies) MrFrosty: 5 away from 8
(58:44 / Allies) kunt.roII: lol
(58:59 / All) MrFrosty: 2 e z?
(59:00 / All) MrFrosty: noobs
(59:04 / All) LoyalKnight: U GUYS FUCKIUNG SUCK
(59:05 / All) Zer0Percent: HE HAD TO GO
(59:07 / All) LoyalKnight: get a real strat
(59:08 / All) MrFrosty: did he have a client to suck off?
(59:09 / All) Gobiner: 13-1, thanks for the free win
(59:31 / All) LoyalKnight: 4 hours each game?
(59:32 / All) LoyalKnight: faggot
(59:36 / All) Zer0Percent: ROFL
(59:37 / Allies) MrFrosty: no
(59:38 / All) kunt.roII: 4 hour games
(59:40 / All) kunt.roII: i wish
(59:44 / Allies) MrFrosty: 8 isnt very useful anyway
(59:44 / All) Gobiner: however long it takes for our opponents to leave
(59:48 / Allies) MrFrosty: it can wait
(60:09 / Allies) MrFrosty: yeah its ok but i dont need it urgently
(60:15 / Allies) MrFrosty: ill get it by the time i need it
(60:38 / All) MrFrosty: thanks
(61:33 / All) Gobiner: better luck next time
(61:43 / All) Zer0Percent: ur fucking awful noobs
(61:47 / All) kunt.roII: something awful
(61:48 / All) MrFrosty: you're losing
(61:51 / All) Zer0Percent: if we stay the extra 3 hours u cant win
(61:55 / All) Gobiner: how does it feel to lose to fucking awful noobs?
(61:56 / All) MrFrosty: oh
(62:20 / All) MrFrosty: thanks
(63:07 / All) Gobiner: hint: don't stand at the towers
(63:32 / All) LoyalKnight: can u guys fags oghnestly get a real strat
(63:34 / All) kunt.roII: ya u sure can win if we give u 3 hours
(63:35 / All) MrFrosty: thanks
(63:42 / All) Zer0Percent: probably no life asians
(63:46 / All) MrFrosty: ps i lost a priest and a hawk
(63:47 / All) Gobiner: 2ez nubs
(63:47 / All) MrFrosty: good trade
(63:49 / All) Zer0Percent: ffucking losers..
(63:50 / All) kunt.roII: not just any no lifers
(63:50 / All) Zer0Percent: we won